 Dungeon Crawl Stone Soup version 0.32-a0-791-gfc315c9ecd (webtiles) character file.

Game seed: 2742723603727358258

297884 Shriekmaw the Fencer (level 19, -2/163 HPs)
             Began as a Demigod Gladiator on Mar 20, 2024.
             Slain by a +3 executioner's axe of electrocution (19 damage)
             ... on level 2 of the Elven Halls.
             The game lasted 01:18:30 (49157 turns).

Shriekmaw the Fencer (Demigod Gladiator)           Turns: 49157, Time: 01:18:31

Health: -2/163     AC: 21    Str: 15    XL:     19   Next: 33%
Magic:  3/38       EV: 29    Int: 14    God:
Gold:   3365       SH: 24    Dex: 39    Spells: 32/38 levels left

rFire   + . .        S - +5 scimitar of Umasmewk {elec, rC+ rN+ Int+2}
rCold   + . .        H - +0 tower shield {reflect}
rNeg    + + .        t - quicksilver dragon scales {rare}
rPois   .            W - +0 hat "Gidojocs" {rF+ rN+ Int+2}
rElec   .            T - scarf {repulsion}
rCorr   .            e - +0 pair of gloves of the gadgeteer {Gadgeteer Wandboost ^Fragile}
SInv    .            K - +0 pair of boots
Will    ++...        A - amulet of the acrobat
Stlth   ++           E - +5 ring of evasion
HPRegen 0.47/turn    O - +4 ring of protection
MPRegen 0.26/turn

%: repel missiles, reflection, acrobat
@: studying Armour
A: high MP 1, forlorn, divine attributes
}: 2/15 runes: barnacled, gossamer
a: no special abilities


You were on level 2 of the Elven Halls.
You visited 6 branches of the dungeon, and saw 32 of its levels.
You also visited: Gauntlet and Ice Cave.

You collected 4293 gold pieces.
You spent 928 gold pieces at shops.

Inventory:

Hand Weapons
 p - a +2 scimitar of flaming
 S - the +5 scimitar of Umasmewk (weapon) {elec, rC+ rN+ Int+2}
   (You bought it in a shop on level 2 of the Orcish Mines)

   Int+2:     It affects your intelligence (+2).
   rC+:       It protects you from cold.
   rN+:       It protects you from negative energy.
Missiles
 d - 23 throwing nets {=f!f}
Armour
 e - the +0 pair of gloves of the gadgeteer (worn) {Gadgeteer Wandboost ^Fragile}
   (You found it on level 3 of the Lair of Beasts)

   Gadgeteer: Your evocable items recharge 30% faster and wands have a 30%
   chance to not spend a charge.
   Wandboost: Your wands are more powerful.
   ^Fragile:  It will be destroyed if unequipped.
 j - +0 swamp dragon scales
 r - a +1 tower shield of cold resistance
 t - quicksilver dragon scales (worn) {rare}
 H - a +0 tower shield of reflection (worn)
 K - a +0 pair of boots (worn)
 T - a scarf of repulsion (worn)
 W - the +0 hat "Gidojocs" (worn) {rF+ rN+ Int+2}
   (You found it on level 4 of the Spider Nest)

   Int+2:     It affects your intelligence (+2).
   rF+:       It protects you from fire.
   rN+:       It protects you from negative energy.
Jewellery
 v - a ring of see invisible
 A - an amulet of the acrobat (around neck)
 E - a +5 ring of evasion (left hand)
 O - a +4 ring of protection (right hand)
 R - a ring of resist corrosion
Wands
 o - a wand of flame (11)
 s - a wand of polymorph (2)
 C - a wand of digging (5)
 D - a wand of acid (4)
 G - a wand of charming (17)
 Q - a wand of mindburst (1)
 U - a wand of iceblast (1)
Scrolls
 f - 5 scrolls of enchant weapon
 i - 2 scrolls of fear
 k - 8 scrolls of teleportation {@r4}
 n - 6 scrolls of revelation
 q - 3 scrolls of fog
 y - 5 scrolls of vulnerability {!r!r}
 B - a scroll of brand weapon
 J - a scroll of poison {!r}
 N - 2 scrolls of enchant armour
 V - 5 scrolls of immolation {!r!r}
 Y - 5 scrolls of blinking {!r}
Potions
 a - 4 potions of brilliance
 b - 5 potions of cancellation
 g - 8 potions of curing {@q1}
 h - 4 potions of haste {@q3}
 l - 4 potions of attraction {!q}
 m - 7 potions of heal wounds {@q2}
 u - 4 potions of magic
 w - 2 potions of invisibility
 x - 2 potions of enlightenment
 F - 7 potions of ambrosia
 I - 6 potions of might
 L - a potion of berserk rage {!q}
 M - 4 potions of mutation {!q}
 P - 6 potions of lignification {!q}
 Z - a potion of resistance
Miscellaneous
 c - a tin of tremorstones (1/2)
 z - a box of beasts (inert)
 X - a phial of floods


   Skills:
 + Level 13.0 Fighting
 - Level 16.0 Long Blades
 - Level 1.7 Throwing
 + Level 12.4 Armour
 + Level 12.9 Dodging
 + Level 13.0 Shields
 - Level 10.0 Spellcasting
 * Level 13.9 Translocations
 - Level 8.0 Evocations


You had 32 spell levels left.
You knew the following spells:

 Your Spells              Type           Power      Damage    Failure   Level
b - Blink                 Tloc           92%        N/A       1%          2
m - Manifold Assault      Tloc           46%        N/A       2%          4

Your spell library contained the following spells:

 Spells                   Type           Power      Damage    Failure   Level
 Lesser Beckoning         Tloc           92%        N/A       1%          2
 Gell's Gravitas          Tloc           46%        N/A       1%          3
 Passage of Golubria      Tloc           46%        N/A       2%          4
 Momentum Strike          Conj/Tloc      52%        3d9       7%          2
 Volatile Blastmotes      Fire/Tloc      52%        2d14      14%         3
 Dimensional Bullseye     Hex/Tloc       13%        N/A       41%         4
 Iskenderun's Mystic Bla  Conj/Tloc      26%        2d7       41%         4
 Vhi's Electric Charge    Tloc/Air       52%        N/A       41%         4
 Magic Dart               Conj           28%        1d4       61%         1
 Ensorcelled Hibernation  Hex/Ice        14%        N/A       75%         2
 Searing Ray              Conj           14%        2d5       75%         2
 Confusing Touch          Hex            7%         N/A       93%         3
 Fugue of the Fallen      Necr           7%         N/A       93%         3
 Hailstorm                Conj/Ice       7%         3d5       93%         3
 Passwall                 Erth           7%         N/A       93%         3
 Summon Ice Beast         Ice/Summ       7%         N/A       93%         3
 Swiftness                Air            7%         N/A       93%         3
 Tukima's Dance           Hex            7%         N/A       93%         3
 Anguish                  Hex/Necr       3%         N/A       100%        4
 Fulminant Prism          Conj/Alch      3%         3d5       100%        4
 Ignite Poison            Fire/Alch      7%         N/A       100%        4
 Sticky Flame             Fire/Alch      7%         2d4       100%        4
 Silence                  Hex/Air        3%         N/A       100%        5
 Yara's Violent Unravell  Hex/Alch       3%         3d4       100%        5
 Permafrost Eruption      Ice/Erth       3%         2x4d2     100%        6
 Sculpt Simulacrum        Ice/Alch       3%         N/A       100%        6
 Malign Gateway           Summ/Tloc      13%        N/A       100%        7
 Ozocubu's Refrigeration  Ice            3%         4d8       100%        7
 Ignition                 Fire           3%         3d4       100%        8
 Lehudib's Crystal Spear  Conj/Erth      3%         10d3      100%        8
 Summon Horrible Things   Summ           3%         N/A       100%        8
 Polar Vortex             Ice            3%         N/A       100%        9


Dungeon Overview and Level Annotations

Branches:
Dungeon (15/15)            Temple (0/1) D:5            Lair (5/5) D:10
 Shoals (4/4) Lair:2       Spider (4/4) Lair:2        Slime (0/5) Lair:4
    Orc (2/2) D:12            Elf (2/3) Orc:2        Vaults (0/5) D:13
 Depths (0/4) D:15          IceCv (visited)         Gauntlet (visited)

Shops:
D:5 :*   D:13 =   Orc:2 (**?(   Elf:1 :(=?   Shoals:3 *

Portals:
Abyss: Lair:5

Annotations:
D:15 3 runed translucent doors, Wioc's ghost, adept MiFi


Innate Abilities, Weirdness & Mutations

You have an increased reservoir of magic. (+10% MP)
You shall have no god before yourself.
Your divine heritage dramatically boosts your attributes as you level up.


Message History

You kill the deep elf zephyrmancer!
The burst of rock shards engulfs you but does no damage.
The burst of rock shards engulfs the deep elf zephyrmancer!
You kill the deep elf zephyrmancer!
The burst of rock shards engulfs the +0 scimitar of holy wrath but does no damage.
The burst of rock shards engulfs the +0 scimitar of holy wrath!
The +0 scimitar of holy wrath falls from the air.
You hear a shout!
Your Shields skill increases to level 13!
Unknown command.
You open the lid... ...and a mature stingfire beast leaps out!
The box is emptied!
You block the +3 executioner's axe of electrocution's attack.
Unknown command.
Your mature stingfire beast stings the +3 executioner's axe of electrocution but does no damage.
You swap places.
The +3 executioner's axe of electrocution attacks as it pursues you!
You block the +3 executioner's axe of electrocution's attack.
The +3 executioner's axe of electrocution hits your mature stingfire beast!
Lightning courses through your mature stingfire beast!
Your mature stingfire beast hits the +3 executioner's axe of electrocution!
Your mature stingfire beast stings the +3 executioner's axe of electrocution but does no damage.
You slash the +3 executioner's axe of electrocution!
The +3 executioner's axe of electrocution hits you!!
* * * LOW HITPOINT WARNING * * *
The +3 executioner's axe of electrocution hits your mature stingfire beast!!
The +6 heavy dire flail hits your mature stingfire beast!!
A +4 hand axe of distortion comes into view.
You hit the +3 executioner's axe of electrocution.
The +3 executioner's axe of electrocution hits you!
* * * LOW HITPOINT WARNING * * *
You are electrocuted!
* * * LOW HITPOINT WARNING * * *
The +3 executioner's axe of electrocution hits your mature stingfire beast!
Your mature stingfire beast hits the +3 executioner's axe of electrocution.
Your mature stingfire beast barely misses the +3 executioner's axe of electrocution.
The +6 heavy dire flail hits your mature stingfire beast!
Your mature stingfire beast dies!
Your mature stingfire beast's corpse disappears in a puff of smoke!
You barely miss the +3 executioner's axe of electrocution.
The +3 executioner's axe of electrocution hits you!
* * * LOW HITPOINT WARNING * * *
Unknown command.
You closely miss the +6 heavy dire flail.
You block the +6 heavy dire flail's attack.
The +3 executioner's axe of electrocution hits you!!
* * * LOW HITPOINT WARNING * * *
You are electrocuted!!
You die...

##.................
#..............)...
......)............
#.....###.)).. ##.#.)'#''.# #
###())#
#############'''#################
........#.#....((.#.#............
.........#...#.#@..#.....)....)..
........#.#..###..#)#.)))........
...........#..#..#...............
..............#..................
.........##...#...##........)....
..........#########...)..........
.).......##...#...##.....).......
..............#..................
.....[.....#..#).#...............


You could see 3 dancing weapons.

Vanquished Creatures
  Arachne (Spider:4)
  Mlioglotl (Shoals:1)
  Asterion (Spider:2)
  A deep elf blademaster (Elf:2)
  Frances (Spider:1)
  Gastronok (D:10)
  3 krakens (Shoals:3)
  Polyphemus (Shoals:2)
  Kirke (Shoals:1)
  3 deep elf sorcerers
  2 emperor scorpions (Spider:4)
  The ghost of Amiesih the Warrior, a journeyman MiBe of Trog (Orc:1)
  Louise (Spider:2)
  5 ghost moths
  The ghost of bmj180 the Destroyer, a journeyman HuCj of Sif Muna (Orc:1)
  The ghost of Guseah the Grappler, a journeyman TrCK of Xom (Orc:1)
  An orc warlord (Orc:2)
  Nessos (D:12)
  5 broodmothers (Spider:4)
  A deep elf death mage (Elf:1)
  2 spark wasps
  The ghost of Mearytou the Fighter, a journeyman MiFi of Cheibriados (Orc:1)
  A minotaur (Gauntlet)
  9 merfolk javelineers
  10 merfolk impalers
  An entropy weaver (shapeshifter) (D:15)
  Josephine (D:14)
  9 entropy weavers
  6 hydras
  A rakshasa (D:14)
  2 ironbound frosthearts (IceCv)
  7 centaur warriors
  An alligator (Lair:4)
  A ghost crab (Spider:1)
  2 catoblepae
  An ogre mage (Orc:2)
  6 merfolk aquamancers
  A radroach (Spider:3)
  2 jorogumos (Spider:4)
  3 two-headed ogres
  4 merfolk avatars
  Erica (D:10)
  14 dancing weapons
  8 death yaks
  5 boulder beetles
  A satyr (Shoals:2)
  A deep troll earth mage (D:15)
  A tengu warrior (D:15)
  10 demonic crawlers
  5 orc high priests
  3 thrashing horrors (Lair:5)
  6 skysharks
  9 pharaoh ants
  A skeletal warrior (D:15)
  8 deep elf knights
  A glowing orange brain (D:15)
  12 orb spiders
  7 sea snakes
  8 slime creatures
  2 sun moths
  2 swamp dragons (Lair:4)
  4 steelbarb worms
  20 deep elf pyromancers
  3 deep elf archers
  4 thermic dynamos (Elf:2)
  17 deep elf zephyrmancers
  6 orc knights
  A lightning spire (Gauntlet)
  22 wolf spiders
  21 harpies
  10 ugly things
  5 moths of wrath
  4 orc sorcerers (Orc:2)
  21 manticores
  A cyclops (shapeshifter) (D:12)
  9 meliai
  6 fauns (Shoals:2)
  9 elephants
  7 merfolk sirens
  9 cyclopes
  3 kobold blastminers (Orc:2)
  A salamander (shapeshifter) (D:14)
  2 ice statues
  Maurice (D:12)
  2 molten gargoyles (D:13)
  4 water nymphs
  A black mamba (Lair:5)
  7 torpor snails
  3 gargoyles
  2 large abominations (Lair:5)
  11 cane toads
  A cane toad (shapeshifter) (D:15)
  A smoke demon (Lair:5)
  An unseen horror (D:11)
  10 rime drakes
  A yaktaur (D:15)
  7 komodo dragons
  A kobold demonologist (D:12)
  2 tengu conjurers (D:14)
  Psyche (D:8)
  13 polar bears
  An efreet (D:13)
  40 merfolk
  8 trolls
  6 tyrant leeches
  A troll (shapeshifter) (Lair:5)
  3 hornets
  4 raiju
  7 wind drakes
  26 tarantellas
  10 dream sheep
  22 blink frogs
  5 snapping turtles
  3 air elementals
  34 jumping spiders
  19 culicivoras
  13 water elementals
  A wyvern (Lair:4)
  A centaur simulacrum (D:15)
  9 small abominations (Lair:5)
  3 wraiths (D:14)
  5 fire elementals
  A golden eye (shapeshifter) (D:14)
  A hog (Shoals:1)
  10 basilisks
  45 yaks
  3 ynoxinuls (Lair:5)
  Grum (D:6)
  50 redbacks
  7 wargs
  18 vampire mosquitoes
  Menkaure (D:5)
  A harpy simulacrum (D:14)
  A chaos spawn (Lair:5)
  2 swamp worms (Lair:4)
  5 acid dragons
  17 water moccasins
  29 orc warriors
  A swamp drake (Lair:4)
  A black bear (D:7)
  3 sky beasts
  6 ogres
  48 wolves
  5 boggarts (D:14)
  17 centaurs
  A phantom (D:6)
  6 kobold brigands
  11 bullfrogs
  4 earth elementals
  8 gnoll sergeants
  A scorpion (D:6)
  12 wights
  20 killer bees
  5 howler monkeys
  An electric eel (D:6)
  A lava snake (D:13)
  A bombardier beetle (D:6)
  15 hounds
  3 jellies
  11 orc priests
  4 gnoll boudas
  Ijyb (D:6)
  A sleepcap (D:6)
  3 iguanas
  4 hell rats (Lair:3)
  33 orc wizards
  Robin (D:5)
  39 gnolls
  An adder (D:5)
  2 shadow imps
  6 dart slugs
  3 ribbon worms
  100 orcs
  2 ball pythons
  3 bats
  5 endoplasms
  3 giant cockroaches
  4 goblins
  8 hobgoblins
  14 jackals
  17 kobolds
  3 quokkas
  A frilled lizard (D:1)
  5 rats
  9 tentacles (Shoals:3)
1329 creatures vanquished.

Vanquished Creatures (collateral kills)
  A kraken (Shoals:3)
  An orc (D:12)
  2 tentacles (Shoals:3)
4 creatures vanquished.

Vanquished Creatures (others)
  A merfolk aquamancer (Shoals:4)
  A deep elf knight (Elf:1)
  A deep elf zephyrmancer (Elf:1)
  A deep elf pyromancer (Elf:1)
  A gargoyle (D:14)
  A troll (D:12)
  A gnoll sergeant (D:6)
  An orc wizard (D:8)
  A gnoll (D:6)
  An orc (D:14)
  5 foxfires (Orc:1)
  47 tentacles (Shoals:3)
62 creatures vanquished.

Grand Total: 1395 creatures vanquished

Notes
Turn   | Place    | Note
-------+----------+-------------------------------------------
     0 | D:1      | Shriekmaw the Demigod Gladiator began the quest for the
                  | Orb.
     0 | D:1      | Reached XP level 1. HP: 17/17 MP: 3/3
   241 | D:1      | Reached skill level 3 in Long Blades
   261 | D:1      | Reached XP level 2. HP: 24/24 MP: 4/4
  1041 | D:2      | Reached skill level 3 in Dodging
  1191 | D:2      | Reached XP level 3. HP: 29/29 MP: 5/5
  2553 | D:4      | Reached XP level 4. HP: 34/37 MP: 6/6
  2564 | D:4      | Reached skill level 4 in Long Blades
  2711 | D:4      | Reached XP level 5. HP: 40/44 MP: 7/7
  2861 | D:4      | Reached skill level 3 in Fighting
  3232 | D:5      | Entered Level 5 of the Dungeon
  3324 | D:5      | Reached XP level 6. HP: 18/51 MP: 8/8
  3488 | D:5      | Found a staircase to the Ecumenical Temple.
  3488 | D:5      | Noticed Menkaure
  3491 | D:5      | Killed Menkaure
  3492 | D:5      | Reached skill level 5 in Long Blades
  3607 | D:5      | Noticed Ijyb
  3610 | D:5      | Noticed Robin
  3642 | D:6      | HP: 2/78 [burnt (3)]
  3860 | D:6      | Killed Ijyb
  3902 | D:5      | Killed Robin
  4016 | D:5      | Found Jaschiok's General Store.
  4021 | D:5      | Bought a potion of curing for 42 gold pieces
  4021 | D:5      | Bought a scroll of teleportation for 42 gold pieces
  4021 | D:5      | Bought a potion of lignification for 42 gold pieces
  4191 | D:5      | Found Houckod's Tremendous Tomes.
  4546 | D:6      | Reached XP level 7. HP: 58/58 MP: 9/9
  4694 | D:6      | Reached skill level 6 in Long Blades
  5141 | D:6      | Reached skill level 7 in Long Blades
  5141 | D:6      | Reached XP level 8. HP: 67/67 MP: 10/10
  6178 | D:6      | Reached skill level 8 in Long Blades
  6446 | D:6      | Noticed Grum
  6690 | D:6      | Killed Grum
  6691 | D:6      | Reached skill level 6 in Dodging
  7184 | D:7      | Reached XP level 9. HP: 57/75 MP: 11/11
  7330 | D:7      | Reached skill level 6 in Fighting
  7342 | D:7      | HP: 3/75 [something/puff of flame (13)]
  7859 | D:7      | Reached skill level 9 in Long Blades
  8683 | D:7      | Reached skill level 10 in Long Blades
  9368 | D:8      | Reached XP level 10. HP: 71/86 MP: 13/13
  9522 | D:8      | Noticed Psyche
  9529 | D:8      | Killed Psyche
  9943 | D:8      | Noticed a two-headed ogre
  9951 | D:8      | Killed a two-headed ogre
 10654 | D:9      | Reached skill level 11 in Long Blades
 11547 | D:10     | Entered Level 10 of the Dungeon
 11647 | D:10     | Noticed Erica
 11655 | D:10     | Killed Erica
 11656 | D:10     | Reached skill level 1 in Shields
 11845 | D:10     | Noticed Gastronok
 11858 | D:10     | Killed Gastronok
 12237 | D:10     | Reached XP level 11. HP: 86/94 MP: 14/14
 12238 | D:11     | Noticed a boulder beetle
 12297 | D:10     | Found a staircase to the Lair.
 12433 | D:10     | Paralysed by a hornet for 3 turns
 12918 | D:11     | Killed a boulder beetle
 13005 | D:11     | Reached skill level 3 in Shields
 13024 | D:11     | Reached skill level 12 in Long Blades
 13689 | D:12     | Noticed Nessos
 13696 | D:12     | Killed Nessos
 13697 | D:12     | Reached skill level 9 in Dodging
 14049 | D:12     | Reached skill level 9 in Fighting
 14396 | D:12     | Noticed a boulder beetle
 14423 | D:12     | Killed a boulder beetle
 14518 | D:12     | Found a staircase to the Orcish Mines.
 14953 | D:12     | Reached skill level 13 in Long Blades
 15083 | D:12     | Reached XP level 12. HP: 90/104 MP: 15/15
 15222 | D:12     | Noticed Maurice
 15229 | D:12     | Killed Maurice
 15465 | Lair:1   | Entered Level 1 of the Lair of Beasts
 16385 | Lair:2   | Found a hole to the Spider Nest.
 16435 | Lair:2   | Found a frozen archway.
 16445 | Lair:2   | Reached skill level 6 in Shields
 16539 | IceCv    | Entered an ice cave
 16670 | IceCv    | Reached skill level 14 in Long Blades
 16835 | IceCv    | Identified the blade talisman of Whack-A-Mole {*Corrode Fly
                  | Will++ SInv}
 17333 | IceCv    | Noticed an ironbound frostheart
 17374 | IceCv    | Reached XP level 13. HP: 98/113 MP: 16/16
 17383 | IceCv    | Reached skill level 9 in Shields
 17865 | IceCv    | Identified the +3 dagger of Linearity {flame, rF- MP+9
                  | Str+10 Dex+3}
 18536 | Lair:2   | Found a staircase to the Shoals.
 19700 | Lair:3   | Found the +0 pair of gloves of the gadgeteer {Gadgeteer
                  | Wandboost ^Fragile}
 19852 | Lair:4   | Reached skill level 1 in Evocations
 20679 | Lair:4   | Reached skill level 3 in Evocations
 20716 | Lair:4   | Found a staircase to the Slime Pits.
 20759 | Lair:4   | Reached XP level 14. HP: 119/124 MP: 17/17
 21490 | Lair:5   | Entered Level 5 of the Lair of Beasts
 22070 | Lair:5   | Found a one-way gate to the infinite horrors of the Abyss.
 22075 | Lair:5   | Identified the +6 dagger of Ozemm {flame, Str+4}
 23145 | Orc:1    | Entered Level 1 of the Orcish Mines
 23205 | Orc:2    | Entered Level 2 of the Orcish Mines
 23206 | Orc:2    | Found Zuwni's Weapon Emporium.
 23214 | Orc:2    | Found a gate leading to a gauntlet.
 23223 | Gauntlet | Entered a Gauntlet
 23223 | Gauntlet | Found a transporter.
 23242 | Gauntlet | Found a transporter.
 23247 | Gauntlet | Found a transporter.
 23252 | Gauntlet | Found a transporter.
 23267 | Gauntlet | Found a transporter.
 23286 | Gauntlet | Found a transporter.
 23298 | Gauntlet | Found a transporter.
 23310 | Gauntlet | Found a transporter.
 23316 | Gauntlet | Found a transporter.
 23316 | Gauntlet | Found a transporter.
 23320 | Gauntlet | Found a transporter.
 23339 | Gauntlet | Found a transporter.
 23345 | Gauntlet | Found a transporter.
 23347 | Gauntlet | Found a transporter.
 23360 | Gauntlet | Found a large runed translucent door.
 23361 | Gauntlet | Found a large runed translucent door.
 23362 | Gauntlet | Found a large runed translucent door.
 23362 | Gauntlet | Found a large runed translucent door.
 23363 | Gauntlet | Found a runed translucent gate.
 23364 | Gauntlet | Found a transporter.
 23364 | Gauntlet | Found a runed translucent gate.
 23365 | Gauntlet | Found a runed translucent gate.
 23366 | Gauntlet | Found a large runed translucent door.
 23366 | Gauntlet | Found a large runed translucent door.
 23367 | Gauntlet | Found a large runed translucent door.
 23368 | Gauntlet | Found a large runed translucent door.
 23377 | Gauntlet | Found a large runed translucent door.
 23377 | Gauntlet | Found a large runed translucent door.
 23377 | Gauntlet | Found a runed translucent door.
 23377 | Gauntlet | Found a runed translucent door.
 23378 | Gauntlet | Found a large runed translucent door.
 23379 | Gauntlet | Found a large runed translucent door.
 23381 | Gauntlet | Found a transporter.
 23388 | Gauntlet | Found a large runed translucent door.
 23388 | Gauntlet | Found a large runed translucent door.
 23389 | Gauntlet | Found a large runed translucent door.
 23390 | Gauntlet | Found a large runed translucent door.
 23400 | Gauntlet | Found a transporter.
 23448 | Gauntlet | Found a transporter.
 23783 | Gauntlet | Identified the +2 scale mail of Servitude {rPois rF+}
 23858 | Gauntlet | Reached skill level 6 in Evocations
 24341 | Gauntlet | Got the Book of the Voyage
 24343 | Gauntlet | Identified the +0 plate armour of the Endless Ears {Str+3}
 24361 | Gauntlet | Got the Anthology of the Compass and the Maleficium
 24463 | Orc:1    | Noticed an orc warlord
 24522 | Orc:2    | Killed an orc warlord
 24814 | Orc:1    | Found a runed translucent gate.
 24815 | Orc:1    | Found a runed translucent gate.
 24816 | Orc:1    | Found a runed translucent gate.
 24817 | Orc:1    | Noticed bmj180's ghost (journeyman HuCj)
 24817 | Orc:1    | Noticed Guseah's ghost (journeyman TrCK)
 24817 | Orc:1    | Noticed Amiesih's ghost (journeyman MiBe)
 24817 | Orc:1    | Noticed Mearytou's ghost (journeyman MiFi)
 25067 | Orc:2    | Found a staircase to the Elven Halls.
 25449 | Orc:2    | Reached skill level 15 in Long Blades
 25811 | Orc:2    | Found Symaj's General Store.
 25811 | Orc:2    | Found Jummog's Magic Scroll Shoppe.
 25813 | Orc:2    | Found Ixothro's Antique Weapon Shop.
 25813 | Orc:2    | Found Vonlaimo's General Store.
 25819 | Orc:2    | Bought 2 scrolls of enchant weapon for 180 gold pieces
 25822 | Orc:2    | Bought a fine scimitar for 279 gold pieces
 25822 | Orc:2    | Identified the +5 scimitar of Umasmewk {elec, rC+ rN+
                  | Int+2} (You bought it in a shop on level 2 of the Orcish
                  | Mines)
 25825 | Orc:2    | Bought a potion of heal wounds for 65 gold pieces
 25825 | Orc:2    | Bought a potion of mutation for 104 gold pieces
 25829 | Orc:2    | Bought a scroll of blinking for 90 gold pieces
 26020 | Orc:2    | Reached XP level 15. HP: 127/132 MP: 18/18
 26300 | Orc:1    | Killed bmj180's ghost
 26312 | Orc:1    | Killed Amiesih's ghost
 26317 | Orc:1    | Killed Mearytou's ghost
 26327 | Orc:1    | Killed Guseah's ghost
 26444 | Orc:1    | Identified a scroll of acquirement
 26445 | Orc:1    | Acquired a manual of Armour
 26640 | D:13     | Reached skill level 12 in Fighting
 26640 | D:13     | Reached skill level 12 in Dodging
 26640 | D:13     | Reached skill level 12 in Shields
 26640 | D:13     | Reached XP level 16. HP: 139/139 MP: 19/19
 26787 | D:13     | Found Meloguuw's Jewellery Shop.
 26816 | D:13     | Reached skill level 3 in Armour
 27492 | D:13     | Found a gate to the Vaults.
 28118 | D:14     | Noticed Josephine
 28128 | D:14     | Killed Josephine
 28514 | D:14     | Reached skill level 6 in Armour
 29530 | D:15     | Entered Level 15 of the Dungeon
 29653 | D:15     | Reached skill level 16 in Long Blades
 29906 | D:15     | Found a staircase to the Depths.
 29960 | D:15     | Reached skill level 9 in Armour
 30279 | D:15     | Found a runed translucent gate.
 30280 | D:15     | Found a runed translucent gate.
 30280 | D:15     | Found a runed translucent gate.
 30282 | D:15     | Noticed Wioc's ghost (adept MiFi)
 30559 | Shoals:1 | Entered Level 1 of the Shoals
 30848 | Lair:2   | Learned a level 2 spell: Blink
 30853 | Lair:2   | Learned a level 4 spell: Manifold Assault
 30864 | Lair:2   | Reached skill level 1 in Spellcasting
 30870 | Lair:2   | Reached skill level 1 in Translocations
 31493 | Shoals:1 | Noticed Kirke
 31493 | Shoals:1 | Noticed Mlioglotl
 31505 | Shoals:1 | Reached skill level 3 in Translocations
 31514 | Shoals:1 | Killed Mlioglotl
 31517 | Shoals:1 | Killed Kirke
 31990 | Shoals:2 | Noticed Polyphemus
 32019 | Shoals:2 | Reached skill level 3 in Spellcasting
 32097 | Shoals:2 | Killed Polyphemus
 32679 | Shoals:2 | Identified the +6 broad axe of Fefeup {vamp, Fly Will+
                  | Int+3 Dex-2}
 32689 | Shoals:2 | Reached skill level 6 in Translocations
 33020 | Shoals:3 | Reached XP level 17. HP: 146/146 MP: 27/27
 34684 | Shoals:3 | Reached skill level 9 in Translocations
 34741 | Shoals:3 | Found Maesedor's Gadget Gallery.
 34767 | Shoals:3 | Reached skill level 6 in Spellcasting
 35165 | Shoals:4 | Entered Level 4 of the Shoals
 35995 | Shoals:4 | Identified the +5 bardiche of Wyrd {elec, Str+8 Stlth-}
 36647 | Shoals:4 | Identified the +5 morningstar of the Brain {freeze, ^Drain
                  | rCorr Str+7}
 36913 | Shoals:4 | Got a barnacled rune of Zot
 37110 | Spider:1 | Entered Level 1 of the Spider Nest
 37446 | Spider:1 | You fall into a shaft and drop 1 floor!
 39139 | Spider:2 | Noticed Frances
 39298 | Spider:1 | Killed Frances
 39299 | Spider:1 | Reached XP level 18. HP: 137/154 MP: 9/34
 39582 | Spider:2 | Reached skill level 12 in Translocations
 40323 | Spider:2 | Reached skill level 9 in Spellcasting
 40498 | Spider:2 | Noticed Louise
 40512 | Spider:2 | Killed Louise
 40731 | Spider:2 | Noticed Asterion
 40744 | Spider:2 | Killed Asterion
 40907 | Spider:2 | Identified the +2 scale mail of Mysticism {rCorr}
 42394 | Spider:4 | Entered Level 4 of the Spider Nest
 44966 | Spider:4 | Acquired 1036 gold pieces
 45130 | Spider:4 | Identified the +0 hat "Gidojocs" {rF+ rN+ Int+2}
 45167 | Spider:4 | Got a gossamer rune of Zot
 45450 | Spider:4 | Noticed Arachne
 45471 | Spider:4 | Killed Arachne
 45893 | Elf:1    | Entered Level 1 of the Elven Halls
 46015 | Elf:1    | Found Lofuhuh's Book Emporium.
 46300 | Elf:1    | Found Ytzam's Jewellery Emporium.
 46329 | Elf:1    | Paralysed by an air elemental for 1 turns
 46335 | Elf:1    | Paralysed by an air elemental for 1 turns
 46522 | Elf:1    | Found Xigguomn's Magic Scroll Boutique.
 46532 | Elf:1    | Bought a scroll of teleportation for 42 gold pieces
 46532 | Elf:1    | Bought a scroll of teleportation for 42 gold pieces
 46592 | Elf:1    | Reached XP level 19. HP: 162/162 MP: 38/38
 47133 | Elf:1    | Found Neofe's Weapon Shop.
 47900 | Elf:2    | Reached skill level 12 in Armour
 48207 | Elf:2    | Found a runed translucent gate.
 48207 | Elf:2    | Found a runed translucent gate.
 48347 | Elf:2    | Found a runed translucent gate.
 48716 | Elf:2    | Paralysed by an air elemental for 1 turns
 49157 | Elf:2    | Slain by a +3 executioner's axe of electrocution

Illustrated notes

Levels and vault maps discovered:
D:1:      scummos_arrival_hexagon, layout_loops_corners, minivault_25,
          chequers_serial_rivers_large_a
D:2:      layout_basic
D:3:      layout_loops_cross, mainiacjoe_overflow_brackets, lemuel_tele_altar,
          grunt_decor_clamped, serial_park_tiny_2
D:4:      layout_cave_pools, dreamdust_mushroom_princess
D:5:      layout_basic, nicolae_overflow_hallway_of_the_gods,
          minmay_temple_entry_statues, serial_shops, nicolae_shop_hallway_plus,
          nicolae_shop_i_like_big_books, nicolae_goblin_pals, uniq_menkaure
D:6:      layout_cave_pools, serial_gnoll_camp, gnoll_camp_huts_moat,
          gnoll_camp_mini_basic, gnoll_camp_mini_hut, grums_kennel,
          gnoll_camp_mini_hut, gnoll_camp_mini_house
D:7:      layout_layer_cave, minmay_fractal_squares_diagonal_5
D:8:      layout_loops_corners, lemuel_coloured_pillars_altar,
          kennysheep_little_box, uniq_psyche
D:9:      layout_basic, mainiacjoe_overflow_boulevard,
          mainiacjoe_overflow_concentric_impassable, minmay_puff
D:10:     layout_gridville, lair_entry_dummy, uniq_gastronok, uniq_erica
D:11:     layout_roguey
D:12:     nooodl_glass_maze, layout_loops_corners,
          kennysheep_orc_monster_closet_entryway, grunt_ministairs_1,
          uniq_nessos, uniq_maurice
D:13:     layout_basic, hellmonk_vaults_attempted_burglary, serial_shops,
          shop_fountains, minmay_misc_feat_encased
D:14:     layout_basic, serial_park_tiny_pond, okawaru_gym_becter,
          uniq_josephine
D:15:     hellmonk_depths_entry_around_the_bend, layout_cave_pools,
          ebering_ghost_rock_garden, minmay_misc_feat_tiny,
          minmay_mirror_moons_of_madness
Lair:1:   layout_cave_shapes
Lair:2:   layout_roguey, minmay_shoals_entry_centaurs,
          hellmonk_spider_entry_not_the_bees, portal_ice_cave_rime,
          grunt_megastairs_5
Lair:3:   layout_chaotic_city, basic_altar, nzn_masters_of_martial_movement
Lair:4:   onia_ninara_swampy_vault, layout_loops_ring,
          minmay_slime_entry_pillars, beast_lair_carwin_10, serial_bayou_shore_b
Lair:5:   hellmonk_lair_end_abyssal_woods, layout_hall_layers
Shoals:1: layout_shoals, uniq_kirke, uniq_mlioglotl
Shoals:2: layout_shoals, uniq_polyphemus
Shoals:3: nicolae_shoals_lighthouse, layout_shoals, nicolae_shop_gadgets
Shoals:4: shoals_end_simple, layout_shoals, nicolae_tricolors
Spider:1: layout_cave_pods, nicolae_spider_swamp_cousins
Spider:2: layout_spider_delve, hangedman_spider_tarantella_strand,
          uniq_asterion, uniq_frances, uniq_louise
Spider:3: layout_spider_delve, nicolae_spider_stair_cavern
Spider:4: hellmonk_spider_rune_endless_swarm, uniq_arachne
Orc:1:    layout_diamond_mine, gammafunk_ghost_cemetery
Orc:2:    grunt_orc_tribal_feast, layout_diamond_mine, gauntlet_entry_generic,
          serial_shops, nicolae_shop_pleasant_corner_grove
Elf:1:    layout_geoelf_octagon, serial_shops, shop, nicolae_shop_waterfront,
          nicolae_lakefront_shop, nicolae_shop_tiny_glass, kb_rosetta
Elf:2:    elven_hall_of_blades_hangedman_original
          [nicolae_blade_entry_crossed_weapons], layout_onion_city

Skill      XL: |  1  2  3  4  5  6  7  8  9 10 11 12 13 14 15 16 17 18 19 |
---------------+----------------------------------------------------------+-----
Fighting       | 2 3 4 5 7 8 9 10 11 12 13 | 13.0
Long Blades    | 3 4 5 7 8 10 11 13 14 15 16 | 16.0
Dodging        | 3 4 5 6 7 8 9 10 11 12 | 12.9
Shields        | 2 4 8 10 11 12 13 | 13.0
Evocations     | 3 7 8 |  8.0
Armour         | 2 10 11 12 | 12.4
Spellcasting   | 4 7 10 | 10.0
Translocations | 6 11 13 | 13.9
Throwing       | |  1.7

Action                     |  1- 3 |  4- 6 |  7- 9 | 10-12 | 13-15 | 16-18 | 19-21 || total
---------------------------+-------+-------+-------+-------+-------+-------+-------++-------
  Melee: Long sword        |    80 |   174 |   446 |   133 |       |       |       ||   833
         Scimitar          |       |       |       |   663 |  1176 |  2544 |   261 ||  4644
  Throw: Dart              |    19 |    16 |    68 |     1 |       |       |       ||   104
         Boomerang         |       |       |    51 |     7 |       |       |       ||    58
   Cast: Manifold Assault  |       |       |       |       |       |   336 |    93 ||   429
  Evoke: Wand              |       |     9 |    33 |    19 |     3 |    54 |       ||   118
         Tin of tremorston |       |       |       |       |       |     4 |     1 ||     5
         Phial of floods   |       |       |       |       |       |     1 |       ||     1
         Box of beasts     |       |       |       |       |       |       |     1 ||     1
    Use: Potion            |       |     3 |     7 |       |     4 |     4 |       ||    18
         Scroll            |       |       |    17 |    12 |    10 |    10 |       ||    49
   Stab: Distracted        |       |       |     1 |       |     2 |     5 |       ||     8
         Sleeping          |       |       |       |       |       |     4 |     1 ||     5
 Armour: Leather armour    |    10 |       |       |       |       |       |       ||    10
         Ring mail         |    25 |    53 |       |       |       |       |       ||    78
         Chain mail        |       |   215 |   371 |    19 |       |       |       ||   605
         Skin              |       |    23 |     7 |       |       |       |       ||    30
         Ice dragon scales |       |       |       |   163 |    20 |       |       ||   183
         Scale mail        |       |       |       |   114 |    86 |       |       ||   200
         Swamp dragon scal |       |       |       |       |   169 |   341 |       ||   510
         Quicksilver drago |       |       |       |       |       |   262 |    46 ||   308
  Dodge: Dodged            |    43 |   148 |   248 |   480 |   690 |  1586 |    66 ||  3261
         Repelled          |       |       |       |       |       |     9 |    15 ||    24
  Block: Kite shield       |       |       |   182 |   486 |       |       |       ||   668
         Tower shield      |       |       |       |   305 |  2087 |  3588 |   151 ||  6131
         Reflection        |       |       |       |       |     5 |    96 |    20 ||   121

Table legend: (Time is in decaauts)
 A = Elapsed time spent in this place.
 B = Non-inter-level travel time spent in this place.
 C = Inter-level travel time spent in this place.
 D = Time resting spent in this place.
 E = Time spent auto-exploring this place.
 F = Levels seen in this place.
 G = Mean time per level.
                   A        B        C        D        E       F      G
               +--------+--------+--------+--------+--------+-----+--------+
         Total |  49476 |  46818 |   2658 |  10092 |  27391 |  34 | 1455.2 |
       Dungeon |  19681 |  18432 |   1249 |   3602 |  11397 |  15 | 1312.1 |
          Lair |   6564 |   6165 |    399 |    869 |   3972 |   5 | 1312.8 |
        Shoals |   6374 |   6136 |    238 |   2040 |   2686 |   4 | 1593.5 |
   Spider Nest |   8624 |   8154 |    470 |   1140 |   5651 |   4 | 2156.0 |
  Orcish Mines |   2238 |   1959 |    279 |    680 |    685 |   2 | 1119.0 |
   Elven Halls |   3250 |   3231 |     19 |    694 |   2035 |   2 | 1625.0 |
      Ice Cave |   1602 |   1602 |      0 |    619 |    550 |   1 | 1602.0 |
      Gauntlet |   1140 |   1140 |      0 |    448 |    413 |   1 | 1140.0 |
               +--------+--------+--------+--------+--------+-----+--------+

Top non-repeatable levels by time:
Spider:4: 3305 daAuts
     D:6: 2633 daAuts
Spider:1: 2262 daAuts
     D:7: 2109 daAuts
    D:12: 1970 daAuts
Shoals:4: 1946 daAuts
   Elf:1: 1938 daAuts
Spider:2: 1762 daAuts
Shoals:3: 1694 daAuts
    D:13: 1670 daAuts
Shoals:2: 1662 daAuts
   Orc:2: 1655 daAuts
   IceCv: 1602 daAuts
  Lair:4: 1578 daAuts
  Lair:5: 1545 daAuts
